 Dungeon Crawl Stone Soup version 0.29.1-2-gbd0b4ee654 (webtiles) character file.

Game seed: 6613703792994220249

88 xian the Trooper (level 4, -4/37 HPs)
             Began as a Formicid Abyssal Knight on Nov 12, 2022.
             Was a Believer of Lugonu.
             Slain by qeuew's ghost (8 damage)
             ... on level 3 of the Dungeon.
             The game lasted 00:05:49 (2284 turns).

xian the Trooper (Formicid Abyssal Knight)          Turns: 2284, Time: 00:05:50

Health: -4/37      AC:  8    Str: 23    XL:     4   Next: 81%
Magic:  6/6        EV:  8    Int: 18    God:    Lugonu [**....]
Gold:   146        SH:  0    Dex: 17    Spells: 3/3 levels left

rFire   . . .      SeeInvis +   m - +1 short sword of a bailey {drain, Dex+5}
rCold   . . .      Faith    .   (no shield)
rNeg    . . .      Spirit   .   g - +0 chain mail
rPois   .          Reflect  .   (helmet unavailable)
rElec   .          Harm     .   (no cloak)
rCorr   .          Rampage  .   (no gloves)
Will    .....                   (no boots)
Stlth   ..........              (no amulet)
HPRegen 0.12/turn               d - +6 ring of strength
MPRegen 0.10/turn               (no ring)

@: attractive
A: permanent stasis, dig shafts and tunnels, antennae 3, four strong arms,
camouflage 1, clever 2
a: Dig, Shaft Self, Renounce Religion, Depart the Abyss, Bend Space


You were on level 3 of the Dungeon.
You worshipped Lugonu.
Lugonu was pleased with you.
You visited 1 branch of the dungeon, and saw 3 of its levels.
You visited the Abyss 1 time.

You collected 146 gold pieces.

Inventory:

Hand Weapons
 a - a +1 hand axe
 m - the +1 short sword of a bailey (weapon) {drain, Dex+5}
   (You found it on level 3 of the Dungeon)

   A truly terrible weapon, it drains the life of any living foe it strikes.
   Dex:       It affects your dexterity (+5).
Armour
 g - a +0 chain mail (worn)
Jewellery
 d - a +6 ring of strength (left hand)
Scrolls
 c - 6 scrolls of identify {unknown}
 e - 2 scrolls of teleportation {unknown}
 h - a scroll of blinking {unknown}
 l - a scroll of noise {unknown}
Potions
 f - 2 potions of curing
 i - a potion of flight
 k - a potion of attraction


   Skills:
 + Level 3.9 Fighting
 + Level 3.0 Axes
 + Level 2.7 Armour
 + Level 1.1 Dodging
 + Level 1.1 Stealth
 * Level 3.2 Invocations


You had 3 spell levels left.
You didn't know any spells.
Your spell library contained the following spells:

 Spells                   Type           Power      Damage    Failure   Level
 Magic Dart               Conj           0%         1d3       87%         1
 Ensorcelled Hibernation  Hex/Ice        0%         N/A       95%         2
 Passwall                 Tmut/Erth      0%         N/A       95%         2
 Searing Ray              Conj           0%         2d4       95%         2
 Spider Form              Tmut/Pois      0%         N/A       99%         3
 Anguish                  Hex/Necr       0%         N/A       100%        4
 Fulminant Prism          Conj/Hex       0%         3d6       100%        4
 Swiftness                Air            Unusable   N/A       N/A         3

Dungeon Overview and Level Annotations

Branches:
Dungeon (3/15)

Altars:

Annotations:
D:3 1 runed translucent door, qeuew's ghost, amateur MfGl


Innate Abilities, Weirdness & Mutations

You cannot be hasted, slowed, berserked, paralysed or teleported.
You can dig through walls and to a lower floor.
You have a pair of large antennae on your head. (SInv)
Your four strong arms can wield two-handed weapons with a shield.
Your skin changes colour to match your surroundings (Stealth+).
Your mind is very acute. (Int +8, Str/Dex -2)


Message History

The giant cockroach bites you but does no damage.
Qeuew's ghost hits you but does no damage.
The river rat bites you but does no damage.
The kobold hits you but does no damage.
The giant cockroach bites you but does no damage.
You closely miss the river rat. You punch the river rat.
The river rat is heavily wounded.
The giant cockroach bites you but does no damage.
Qeuew's ghost hits you but does no damage.
The kobold hits you but does no damage.
The river rat bites you but does no damage.
Unknown command.
You hit the river rat. You drain the river rat.
The river rat is almost dead.
The giant cockroach bites you but does no damage.
Qeuew's ghost hits you but does no damage.
The kobold hits you but does no damage.
The river rat bites you but does no damage.
Unknown command.
You barely miss the river rat.
The river rat is almost dead.
The giant cockroach bites you.
Qeuew's ghost screams, "You will join me soon!"
Qeuew's ghost hits you but does no damage.
The kobold hits you but does no damage.
The river rat bites you but does no damage.
The giant cockroach bites you but does no damage.
You closely miss the river rat.
The river rat is almost dead.
You feel less wooden.
Your +0 chain mail unmelds from your body.
The river rat barely misses you. Qeuew's ghost hits you!
* * * LOW HITPOINT WARNING * * *
The kobold hits you with a +0 short sword.
* * * LOW HITPOINT WARNING * * *
The giant cockroach bites you but does no damage.
You hit the river rat but do no damage. Your punch misses the river rat.
The river rat is almost dead.
The river rat barely misses you. Qeuew's ghost hits you!
You die...

>......... ....... .........
.......## #.......... .........
#.........###########.....
#.........#~~~~~B~~S#.#..)
#.........'~~~~}~~BB+.....
#.........#~~~~~~~{w#.....
#.......Kr###########.....
########......wW@...#............
...............B....#............
...............######............
......).....#### #.......####+#
............# #.......#
............# #..[##### .
............########...# ##
.......†....##.........##########
..[.........##...................


You could see a worm, qeuew's ghost, a river rat (very drained), a giant
cockroach and a kobold.

Vanquished Creatures
  4 adders
  2 worms
  2 orcs (D:3)
  6 ball pythons
  A bat (D:3)
  An endoplasm (D:2)
  8 giant cockroaches
  3 goblins
  4 hobgoblins
  4 kobolds
  2 quokkas (D:2)
  4 frilled lizards
  2 rats (D:2)
43 creatures vanquished.

Notes
Turn   | Place    | Note
-------+----------+-------------------------------------------
     0 | Abyss:1  | xian the Formicid Abyssal Knight began the quest for the
                  | Orb.
     0 | Abyss:1  | Reached XP level 1. HP: 18/18 MP: 2/2
    46 | Abyss:2  | Noticed a small abomination
    66 | Abyss:2  | Noticed a deep elf elementalist
    71 | D:1      | Escaped the Abyss
   487 | D:1      | Reached XP level 2. HP: 23/24 MP: 3/3
   671 | D:1      | Found a faded altar of an unknown god.
   696 | D:1      | Reached ** piety under Lugonu
  1099 | D:2      | Reached skill level 1 in Dodging
  1099 | D:2      | Reached XP level 3. HP: 18/30 MP: 4/4
  1542 | D:2      | Reached skill level 1 in Stealth
  1619 | D:2      | Reached XP level 4. HP: 37/37 MP: 6/6
  1715 | D:3      | Found a runed translucent door.
  1743 | D:3      | Noticed qeuew's ghost (amateur MfGl)
  2213 | D:3      | Identified the +2 helmet of Leapfrog {rCorr}
  2218 | D:3      | Identified the +1 short sword of a bailey {drain, Dex+5}
  2226 | D:3      | Found a runed translucent door.
  2260 | D:3      | Gained mutation: Your skin changes colour to match your
                  | surroundings (Stealth+). [potion of mutation]
  2260 | D:3      | Gained mutation: Your mind is acute. (Int +4, Str/Dex -1)
                  | [potion of mutation]
  2260 | D:3      | Gained mutation: Your mind is very acute. (Int +8, Str/Dex
                  | -2) [potion of mutation]
  2284 | D:3      | Slain by qeuew's ghost

Illustrated notes

Levels and vault maps discovered:
D:1:      dpeg_arrival_castle, layout_loops_cross,
          chequers_ecumenical_altar_grove
D:2:      layout_rooms
D:3:      layout_basic, ebering_ghost_sewer_f, minivault_25

Skill      XL: |  1  2  3  4 |
---------------+-------------+-----
Dodging        | 1 |  1.1
Stealth        | 1 |  1.1
Invocations    | 3 |  3.2
Axes           | 3 |  3.0
Fighting       | |  3.9
Armour         | |  2.7

Action                   |  1- 3 |  4- 6 || total
-------------------------+-------+-------++-------
Melee: Hand axe          |    68 |    35 ||   103
       Punch             |     1 |     2 ||     3
       Short sword       |       |    30 ||    30
Invok: Depart the Abyss  |     1 |       ||     1
  Use: Potion            |       |     5 ||     5
 Stab: Sleeping          |     1 |       ||     1
Armor: Leather armour    |    14 |       ||    14
       Chain mail        |    19 |    37 ||    56
       Skin              |       |    79 ||    79
Dodge: Dodged            |    27 |    29 ||    56
